 Dungeon Crawl Stone Soup version 0.14-a0-1378-gf8e6a88 (webtiles) character file.

220 PolkaDot the Ruinous (level 4, 0/30 HPs)
             Began as a Vampire Conjurer on Dec 8, 2013.
             Slain by an orc
             ... wielding a -1,+1 orcish hand axe
              (5 damage)
             ... on Level 3 of the Dungeon.
             The game lasted 00:09:27 (2589 turns).

PolkaDot the Ruinous (Vampire Conjurer)             Turns: 2589, Time: 00:09:27

HP   0/30        AC  3     Str  7      XL: 4   Next: 66%
MP   3/8         EV 12     Int 18      God:
Gold 106         SH  0     Dex 14      Spells:  2 memorised,  5 levels left

rFire  . . .     SeeInvis +     s - +0 elf short sword
rCold  . . .     Clarity  .     a - +0 robe
rNeg   . . .     Conserve .     (no shield)
rPois  .         rCorr    .     (no helmet)
rElec  .         rRot     .     o - +0 cloak (curse)
SustAb . .       Spirit   .     (no gloves)
rMut   .         Warding  .     (no boots)
Saprov . . .     Stasis   .     (no amulet)
                                (no ring)
                                (no ring)

@: regenerating quickly, slightly resistant to hostile enchantments, stealthy
A: fangs 3, see invisible, unbreathing
a: no special abilities


You were on level 3 of the Dungeon.
You were full.

You visited 1 branch of the dungeon, and saw 3 of its levels.

You collected 106 gold pieces.

Inventory:

Hand weapons
 s - a +0,+0 elven short sword (weapon)
Armour
 a - a +0 robe (worn)
 b - a +0 buckler
 o - a cursed +0 cloak (worn)
Scrolls
 f - a scroll of blinking {unknown}
 g - 2 scrolls of teleportation {unknown}
 h - 2 scrolls of remove curse {unknown}
 i - 2 scrolls of immolation {unknown}
 j - a scroll of enchant weapon I {unknown}
 k - 2 scrolls of curse jewellery {unknown}
 l - 2 scrolls of identify {unknown}
 t - a scroll of curse armour {unknown}
Potions
 d - a potion of paralysis {unknown}
 e - a potion of heal wounds {unknown}
 m - a potion of cure mutation
 n - a potion of curing {unknown}
 p - a potion of poison {unknown}
 q - a potion of brilliance {unknown}
 r - a potion of degeneration {unknown}
Books
 c - a book of Conjurations

   Spells                             Type                      Level
   *Magic Dart                        Conjuration                  1
   *Searing Ray                       Conjuration                  2
   Dazzling Spray                     Conjuration/Hexes            3
   Iskenderun's Mystic Blast          Conjuration                  4
   Iskenderun's Battlesphere          Conjuration/Charms           4
   Fulminant Prism                    Conjuration/Hexes            5


   Skills:
 - Level 2.1 Dodging
 - Level 3.0 Stealth
 + Level 2.8 Spellcasting
 * Level 4.2 Conjurations


You had 5 spell levels left.
You knew the following spells:

 Your Spells              Type           Power        Failure   Level  Hunger
a - Magic Dart            Conj           ###.         3%          1    None
s - Searing Ray           Conj           ###...       6%          2    ##.....


Dungeon Overview and Level Annotations

Branches:
Dungeon (3/16)

Altars:
Trog
Yredelemnul


Innate Abilities, Weirdness & Mutations

Your natural rate of healing is unusually fast.
You have razor-sharp teeth.*
You have supernaturally acute eyesight.
You can survive without breathing.*


Message History

You kill the orc!
* * * LOW MAGIC WARNING * * *
Without enough magic to sustain it, your searing ray dissipates.
The orc hits you with an orcish club.
* * * LOW HITPOINT WARNING * * *
Drink which item? (? for menu, Esc to quit)
It has a very clean taste.
It was a potion of cure mutation.
The orc hits you with an orcish club.
* * * LOW HITPOINT WARNING * * *
You barely miss the orc. The orc hits you with an orcish club.
* * * LOW HITPOINT WARNING * * *
You see here 2 tomahawks.
You see here a tomahawk.
A hobgoblin comes into view. It is wielding a club.
The hobgoblin shouts!
You see here a tomahawk.
The orc throws a tomahawk.
The tomahawk misses you.
You see here a tomahawk.
The orc hits you with an orcish hand axe.
You die...

.........#####.#.##
#.<........#
#.#####.####
#)#####.####
#%##.......#
#####<##.##.####
#.o....%#.#.#
#.###o......# #.#
#@#######
#.####.###.#
#.....#o.g.#
...####(##### #)#
#)# #[# ..# ...#


You could see an orc and a hobgoblin.

Vanquished Creatures
  An orc priest (D:3)
  Ijyb (D:3)
  3 adders (D:2)
  2 orcs (D:3)
  A giant cockroach (D:2)
  4 goblins
  5 hobgoblins
  An ooze (D:2)
  2 quokkas (D:2)
  A ball python (D:1)
  5 bats
  2 giant newts
  10 kobolds
  5 rats
43 creatures vanquished.

Vanquished Creatures (others)
  A giant newt (D:3)
1 creature vanquished.

Grand Total: 44 creatures vanquished

Notes
Turn   | Place    | Note
--------------------------------------------------------------
     0 | D:1      | PolkaDot, the Vampire Conjurer, began the quest for the Orb.
     0 | D:1      | Reached XP level 1. HP: 13/13 MP: 3/3
   417 | D:1      | Reached XP level 2. HP: 11/19 MP: 0/4
   464 | D:1      | Learned a level 2 spell: Searing Ray
  1335 | D:2      | Reached XP level 3. HP: 15/24 MP: 1/6
  1982 | D:2      | Found a bloodstained altar of Trog.
  1982 | D:2      | Found a basalt altar of Yredelemnul.
  2339 | D:3      | Noticed Ijyb
  2476 | D:3      | Reached XP level 4. HP: 27/30 MP: 2/8
  2504 | D:3      | Killed Ijyb
  2504 | D:3      | Reached skill level 4 in Conjurations
  2571 | D:3      | HP: 1/30 [orc/orcish club (2)]
  2589 | D:3      | Slain by an orc

Action                   |  1- 3 |  4- 6 || total
-------------------------+-------+-------++-------
Melee: Unarmed           |    25 |       ||    25
       Short sword       |    28 |    29 ||    57
 Cast: Magic Dart        |    54 |       ||    54
       Searing Ray       |     4 |     2 ||     6
  Use: Potion            |     1 |     1 ||     2
